 Dungeon Crawl Stone Soup version 0.28.0-43-g3370ac3207 (webtiles) character file.

Game seed: 10260384350904700093

205 Peloso the Covered (level 5, -1/47 HPs)
             Began as a Minotaur Fighter on Mar 19, 2022.
             Was an Initiate of Okawaru.
             Slain by a gnoll
             ... wielding a +0 spear
              (2 damage)
             ... on level 3 of the Dungeon.
             The game lasted 00:02:19 (2628 turns).

Peloso the Covered (Minotaur Fighter)               Turns: 2628, Time: 00:02:20

Health: -1/47      AC:  9    Str: 20    XL:     5   Next: 53%
Magic:  4/4        EV:  9    Int:  5    God:    Okawaru [......]
Gold:   240        SH:  5    Dex: 12    Spells: 4/4 levels left

rFire   . . .      SeeInvis .   a - +0 long sword
rCold   . . .      Faith    .   c - +0 buckler
rNeg    . . .      Spirit   .   b - +0 scale mail
rPois   .          Reflect  .   (helmet restricted)
rElec   .          Harm     .   m - +1 cloak {Stlth+}
rCorr   .          Rampage  .   (no gloves)
Will    .....                   (no boots)
Stlth   +.........              (no amulet)
HPRegen 0.15/turn               (no ring)
MPRegen 0.09/turn               (no ring)

@: no status effects
A: horns 2, retaliatory headbutt
a: Renounce Religion


You were on level 3 of the Dungeon.
You worshipped Okawaru.
Okawaru was noncommittal.
You visited 1 branch of the dungeon, and saw 3 of its levels.

You collected 240 gold pieces.

Inventory:

Hand Weapons
 a - a +0 long sword (weapon)
Armour
 b - a +0 scale mail (worn)
 c - a +0 buckler (worn)
 i - a +2 pair of gloves
 m - a +1 cloak of stealth (worn)
Jewellery
 k - a +6 ring of intelligence
Scrolls
 e - 6 scrolls of identify {unknown}
 f - 2 scrolls of enchant armour {unknown}
Potions
 d - 2 potions of might
 g - 2 potions of curing {unknown}
 h - a potion of magic {unknown}
 j - a potion of cancellation {unknown}
 l - a potion of haste {unknown}


   Skills:
 + Level 4.6 Fighting
 + Level 4.5 Long Blades
 + Level 5.3 Armour
 + Level 0.2 Dodging
 + Level 0.1 Stealth
 + Level 4.0 Shields


You had 4 spell levels left.
You didn't know any spells.
Your spell library contained the following spells:

 Spells                   Type           Power      Damage    Failure   Level
 Sting                    Tmut/Pois      0%         1d3       88%         1
 Poisonous Vapours        Pois/Air       0%         N/A       96%         2
 Olgreb's Toxic Radiance  Pois           0%         N/A       100%        4


Dungeon Overview and Level Annotations

Branches:
Dungeon (3/15)

Altars:
Okawaru

Annotations:
D:3 1 transporter


Innate Abilities, Weirdness & Mutations

You have a pair of horns on your head.
You reflexively headbutt those who attack you in melee.


Message History

The gnoll hits you with a +0 spear.
You hit the gnoll.
The gnoll is moderately wounded.
The gnoll hits you from afar with a +0 spear.
The gnoll hits you with a +0 spear.
You hit the gnoll.
You headbutt the gnoll, but do no damage.
The gnoll is heavily wounded.
The gnoll hits you but does no damage. The gnoll hits you with a +0 spear.
* * * LOW HITPOINT WARNING * * *
The gnoll barely misses you.
You hit the gnoll but do no damage. Your headbutt misses the gnoll.
The gnoll is heavily wounded.
The gnoll barely misses you. You block the gnoll's attack.
The gnoll hits you but does no damage.
You hit the gnoll but do no damage. Your headbutt misses the gnoll.
The gnoll is heavily wounded.
The gnoll hits you from afar with a +0 spear.
* * * LOW HITPOINT WARNING * * *
The gnoll barely misses you.
The gnoll hits you from afar with a +0 spear.
* * * LOW HITPOINT WARNING * * *
Things that are here:
a +0 flail; a gnoll corpse The gnoll throws a throwing net.
The throwing net hits you.
You become entangled in the net!
You see here a throwing net.
You struggle against the net.
The gnoll hits you but does no damage.
You struggle against the net.
The gnoll hits you but does no damage.
You struggle against the net.
The gnoll hits you but does no damage. x2
You struggle against the net.
The gnoll hits you from afar with a +0 spear.
* * * LOW HITPOINT WARNING * * *
The gnoll hits you from afar with a +0 spear.
* * * LOW HITPOINT WARNING * * *
You rip the net and break free!
The gnoll hits you from afar with a +0 spear.
* * * LOW HITPOINT WARNING * * *
The gnoll hits you from afar with a +0 spear.
You die...

####.......#.####.#
##......##.# #.#
#.....####.# #.#
##.........# ##.#
##.######## #..#
#.# #.## #.# #.#
#+# #(# #@#
####.#### #..gg...#
.###...)##.#
.'.......# #
..###....## #.#...
#.####. #. ..


You could see 2 gnolls.

Vanquished Creatures
  A jelly (D:2)
  Crazy Yiuf (D:2)
  Natasha (thrice) (D:2)
  A gnoll (D:3)
  2 adders (D:2)
  A dart slug (D:1)
  An orc (D:3)
  6 ball pythons
  4 bats
  4 endoplasms
  2 giant cockroaches
  A goblin (D:2)
  3 hobgoblins
  7 jackals
  A quokka (D:2)
  3 frilled lizards
  2 kobolds (D:2)
  3 rats
46 creatures vanquished.

Vanquished Creatures (others)
  2 fungi
  10 plants (D:2)
  5 toadstools (D:1)
17 creatures vanquished.

Grand Total: 63 creatures vanquished

Notes
Turn   | Place    | Note
-------+----------+-------------------------------------------
     0 | D:1      | Peloso the Minotaur Fighter began the quest for the Orb.
     0 | D:1      | Reached XP level 1. HP: 19/19 MP: 0/0
   699 | D:1      | Reached XP level 2. HP: 27/27 MP: 1/1
   933 | D:2      | Noticed Natasha
   935 | D:2      | Noticed a crimson imp
   940 | D:2      | Noticed a crimson imp
   944 | D:2      | Killed Natasha
   945 | D:2      | Reached skill level 4 in Armour
   945 | D:2      | Reached XP level 3. HP: 15/33 MP: 2/2
  1414 | D:2      | Found a runed translucent door.
  1415 | D:2      | Noticed Crazy Yiuf
  1498 | D:2      | Reached skill level 5 in Armour
  1498 | D:2      | Reached XP level 4. HP: 31/41 MP: 3/3
  1594 | D:2      | Noticed Natasha
  1605 | D:2      | Killed Natasha
  1818 | D:2      | Noticed Natasha
  1824 | D:2      | Killed Natasha
  1825 | D:2      | Reached XP level 5. HP: 45/47 MP: 4/4
  1851 | D:2      | Found a faded altar of an unknown god.
  2040 | D:2      | Killed Crazy Yiuf
  2207 | D:3      | Found an iron altar of Okawaru.
  2217 | D:3      | Found a transporter.
  2224 | D:3      | Became a worshipper of Warmaster Okawaru
  2628 | D:3      | HP: 1/47 [gnoll/+0 spear (3)]
  2628 | D:3      | Slain by a gnoll

Illustrated notes

Levels and vault maps discovered:
D:1:      psy_arrival_conway, layout_loops_cross, hangedman_decor_points,
          minmay_misc_feat_more_columns, minmay_gold_behind_fungi
D:2:      layout_loops_ring, dreamdust_ecumenical_altar_hidden_monk_grotto,
          uniq_natasha, uniq_crazy_yiuf_cottage
D:3:      gammafunk_steamed_eel, layout_loops_corners, amcnicky_altar_gilded

Skill      XL: |  1  2  3  4 |
---------------+-------------+-----
Fighting       | 4 |  4.6
Armour         | 4 5 |  5.3
Shields        | 4 |  4.0
Long Blades    | 4 |  4.5
Dodging        | |  0.2
Stealth        | |  0.1

Action                   |  1- 3 |  4- 6 || total
-------------------------+-------+-------++-------
Melee: Long sword        |    39 |    58 ||    97
       Headbutt          |     7 |     8 ||    15
Armor: Scale mail        |    21 |    26 ||    47
Dodge: Dodged            |    16 |    34 ||    50
Block: Buckler           |     5 |    10 ||    15
